 Dungeon Crawl Stone Soup version 0.19.1-1-g22dce08 (webtiles) character file.

49511 Dolanko the Bludgeoner (level 14, 0/148 HPs)
             Began as a Minotaur Berserker on Jan 20, 2017.
             Was a High Priest of Trog.
             Killed from afar by a molten gargoyle (35 damage)
             ... with a bolt of magma
             ... on level 6 of the Lair of Beasts.
             The game lasted 00:47:58 (20377 turns).

Dolanko the Bludgeoner (Minotaur Berserker)        Turns: 20377, Time: 00:47:59

Health: 0/148      AC: 26    Str: 26    XL:     14   Next: 16%
Magic:  13/13      EV: 12    Int:  6    God:    Trog [*****.]
Gold:   807        SH:  0    Dex: 15    Spells: 0 memorised, 13 levels left

rFire  . . .     SeeInvis +     j - +4 whip (pain)
rCold  . . .     Gourm    .     h - +2 plate armour
rNeg   . . .     Faith    +     (no shield)
rPois  .         Spirit   .     (helmet unavailable)
rElec  .         Reflect  .     d - +2 cloak
rCorr  .         Harm     .     Q - +2 pair of gloves
MR     +....                    (no boots)
Stlth  ..........               U - amulet of faith
                                T - +3 ring of slaying
                                D - +2 ring of dexterity

@: lethally poisoned (0 -> -1)
A: retaliatory headbutt, horns 3, talons 1, see invisible, agile 1, clever 1,
robust 1
a: Berserk, Trog's Hand, Brothers in Arms, Burn Spellbooks, Renounce Religion


You were on level 6 of the Lair of Beasts.
You worshipped Trog.
Trog was extremely pleased with you.
You were not hungry.

You visited 2 branches of the dungeon, and saw 17 of its levels.
You also visited: Labyrinth.

You collected 807 gold pieces.

Inventory:

Hand Weapons
 j - a +4 whip of pain (weapon)
 o - a +1 dire flail of protection
 r - a +1 morningstar of freezing
Missiles
 w - 13 tomahawks (quivered)
Armour
 d - a +2 cloak (worn)
 h - a +2 plate armour (worn)
 t - a +0 shield
 Q - a +2 pair of gloves (worn)
Jewellery
 m - a cursed -3 ring of slaying
 v - an uncursed ring of protection from magic {unknown}
 y - an uncursed ring of positive energy
 A - an uncursed ring of see invisible {unknown}
 D - a +2 ring of dexterity (left hand)
 L - an uncursed ring of ice
 T - a +3 ring of slaying (right hand)
 U - an amulet of faith (around neck)
Wands
 a - a wand of iceblast (0/15)
 b - a wand of confusion (21/48)
 e - a wand of acid (0/15)
 f - a wand of paralysis (15/24)
 s - a wand of paralysis (11/24)
 z - a wand of polymorph (12/24)
 C - a wand of lightning (4/15)
 F - a wand of teleportation (5/9)
 I - a wand of lightning (6/15)
 J - a wand of enslavement (6/24)
 N - a wand of lightning (6/15)
 O - a wand of slowing (14/48)
 P - a wand of acid (5/15)
 V - a wand of paralysis (7/24)
 W - a wand of lightning (10/15)
 X - a wand of iceblast (5/15)
 Y - a wand of enslavement (13/24)
Scrolls
 g - 7 scrolls of remove curse
 i - 3 scrolls of teleportation
 l - a scroll of blinking
 n - a scroll of enchant weapon
 p - 2 scrolls of immolation
 H - a scroll of fog
 R - 3 scrolls of identify
Potions
 k - 9 potions of lignification
 E - 2 potions of brilliance
 K - a potion of cancellation
 M - a potion of flight
Miscellaneous
 S - a phial of floods
Comestibles
 c - 8 bread rations
 B - a slice of pizza
 G - 18 fruits


   Skills:
 + Level 15.1 Fighting
 - Level 18.0 Maces & Flails
 + Level 15.1 Armour
 + Level 7.0 Dodging


You had 13 spell levels left.
You didn't know any spells.

Dungeon Overview and Level Annotations

Branches:
Dungeon (11/15)            Temple (0/1) D:5            Lair (6/6) D:10
 Shoals (0/4) Lair:4       Spider (0/4) Lair:3        Slime (0/5) Lair:5
    Orc (0/2) D:10

Altars:
Fedhas
Kikubaaqudgha
Makhleb
Nemelex Xobeh
Trog
Vehumet
Yredelemnul

Annotations:
Lair:6 2 runed doors


Innate Abilities, Weirdness & Mutations

You reflexively headbutt those who attack you in melee.
You have a pair of large horns on your head.
You have sharp toenails.
You have supernaturally acute eyesight. (SInv)
You are agile. (Dex +2)
Your mind is acute. (Int +2)
You are robust. (+10% HP)


Message History

The hell hound bites you.
You feel sick.
The blink frog hits you but does no damage.
The blink frog barely misses you.
You see here a mace.
You whack the blink frog! Your kick misses the blink frog.
The blink frog is heavily wounded.
The hell hound bites you but does no damage.
The blink frog closely misses you.
You feel sick. The blink frog hits you!
* * * LOW HITPOINT WARNING * * *
The hell hound misses you. You furiously retaliate!
You headbutt the hell hound.
You feel sick.
You feel sick.
The hell hound bites you but does no damage.
The molten gargoyle blasts magma at you!
The bolt of magma misses the hell hound.
The bolt of magma hits you!
You die...

### ####.# ########....## ###
##...#P###....## ##########.#
.#..PP..P......####..#P##....##
..............................###
..#............F@..#..#...)..#...
.####.....P..<.h..P.####.P.......
.# #...#....)........#..#.......
.####..#......9.......†......###.
..##.........†9..##.#..#...#.# ##
#......P...##...########.....# #
##.....#..#.##.#.# ###.#P..P.# #
P...#.....####..####.......P.# ##
........#.## #....##.........# #.


You could see a blink frog, 2 molten gargoyles and a hell hound.

Vanquished Creatures
  Nessos (Lair:5)
  A minotaur (Lab)
  2 hydras
  Fannar (Lair:3)
  3 ice dragons
  2 catoblepae (Lair:6)
  9 death yaks
  Nergalle (Lair:3)
  A fire crab (Lair:6)
  The ghost of Tagedieb the Covert, a novice SpAs of Uskayaw (D:10)
  An unseen horror (D:10)
  2 hill giants (D:10)
  8 black mambas
  12 elephants
  2 rime drakes
  A molten gargoyle (Lair:6)
  11 komodo dragons
  8 spiny frogs
  A troll (D:9)
  8 polar bears
  A two-headed ogre (D:8)
  5 dream sheep (Lair:6)
  10 hippogriffs
  11 blink frogs
  A snapping turtle (Lair:4)
  Sigmund (D:3)
  19 yaks
  5 wyverns
  2 basilisks
  A hungry ghost (D:7)
  2 hell hounds (Lair:6)
  15 water moccasins
  Duvessa (D:7)
  5 porcupines
  A black bear (D:10)
  2 orc warriors
  18 ice beasts
  4 sky beasts
  An eye of draining (D:9)
  2 phantoms
  3 ogres
  4 centaurs
  13 wolves
  6 crocodiles
  A big kobold (D:9)
  9 bullfrogs
  Dowan (D:7)
  2 scorpions (D:8)
  A vampire bat (D:3)
  An electric eel (D:6)
  2 crimson imps
  A bullfrog zombie (D:9)
  2 lava snakes (Lair:6)
  A centaur zombie (D:10)
  3 hounds
  14 jellies
  5 orc priests
  10 orc wizards
  A gnoll shaman (D:8)
  2 bullfrog skeletons
  An iguana (D:9)
  8 worker ants
  An ogre skeleton (Lab)
  4 gnolls (D:8)
  A howler monkey skeleton (D:5)
  12 adders
  3 shadow imps
  An ooze (Lair:5)
  An adder skeleton (D:7)
  3 adder zombies
  4 worms
  6 leopard geckos
  23 orcs
  2 ball pythons
  A bat skeleton (D:3)
  5 bat zombies (D:3)
  6 giant cockroaches
  5 hobgoblins
  24 jackals
  3 quokkas
  7 bats
  4 frilled lizards
  6 goblins
  11 kobolds
  2 leopard gecko skeletons
  A quokka skeleton (D:4)
  A quokka zombie (D:6)
  9 rats
420 creatures vanquished.

Vanquished Creatures (collateral kills)
  2 death yaks (Lair:1)
  A rime drake (Lair:4)
  A dream sheep (Lair:6)
4 creatures vanquished.

Vanquished Creatures (others)
  15 fungi
  19 plants (Lair:6)
34 creatures vanquished.

Grand Total: 458 creatures vanquished

Notes
Turn   | Place    | Note
-------+----------+-------------------------------------------
     0 | D:1      | Dolanko the Minotaur Berserker began the quest for the Orb.
     0 | D:1      | Reached XP level 1. HP: 19/19 MP: 0/0
    25 | D:1      | Reached skill level 4 in Maces & Flails
   160 | D:1      | Reached XP level 2. HP: 27/27 MP: 1/1
   881 | D:2      | Reached ** piety under Trog
   881 | D:2      | Reached XP level 3. HP: 27/33 MP: 2/2
  1524 | D:2      | Reached skill level 5 in Maces & Flails
  1599 | D:3      | Reached XP level 4. HP: 31/40 MP: 3/3
  1937 | D:3      | Found a blossoming altar of Fedhas.
  2616 | D:3      | Noticed Sigmund
  2623 | D:3      | Killed Sigmund
  2623 | D:3      | Reached skill level 5 in Fighting
  2623 | D:3      | Reached skill level 6 in Maces & Flails
  2623 | D:3      | Reached XP level 5. HP: 48/48 MP: 4/4
  2623 | D:3      | Reached XP level 6. HP: 56/56 MP: 5/5
  2644 | D:3      | Found an ancient bone altar of Kikubaaqudgha.
  2982 | D:4      | Reached skill level 7 in Maces & Flails
  3073 | D:4      | You fall through a shaft for 2 floors!
  3103 | D:6      | Reached XP level 7. HP: 37/62 MP: 6/6
  3263 | D:5      | Entered Level 5 of the Dungeon
  3904 | D:4      | Reached *** piety under Trog
  3983 | D:4      | Reached skill level 5 in Armour
  4083 | D:4      | Found a burning altar of Makhleb.
  4581 | D:5      | Found a bloodstained altar of Trog.
  4634 | D:5      | Found a basalt altar of Yredelemnul.
  4686 | D:5      | Found a staircase to the Ecumenical Temple.
  4697 | D:5      | Reached skill level 8 in Maces & Flails
  4922 | D:6      | Found a sparkling altar of Nemelex Xobeh.
  4933 | D:6      | Reached XP level 8. HP: 68/71 MP: 7/7
  5027 | D:6      | Reached skill level 9 in Maces & Flails
  5659 | D:7      | Noticed a hippogriff
  5677 | D:7      | Killed a hippogriff
  5709 | D:7      | Noticed Duvessa
  5709 | D:7      | Noticed Dowan
  5717 | D:7      | Reached skill level 10 in Maces & Flails
  5720 | D:7      | Killed Dowan
  5752 | D:7      | Killed Duvessa
  6165 | D:7      | Noticed a hippogriff
  6177 | D:7      | Killed a hippogriff
  6177 | D:7      | Reached XP level 9. HP: 81/81 MP: 8/8
  6240 | D:7      | Reached **** piety under Trog
  6749 | D:8      | Reached skill level 11 in Maces & Flails
  7357 | D:9      | Reached skill level 12 in Maces & Flails
  7425 | D:9      | Found a radiant altar of Vehumet.
  7738 | D:9      | Noticed a troll
  7751 | D:9      | Killed a troll
  7751 | D:9      | Reached XP level 10. HP: 91/91 MP: 9/9
  8065 | D:9      | Gained mutation: You evolve. [potion of mutation]
  8065 | D:9      | Gained mutation: You have large cloven feet. [potion of mutation]
  8065 | D:9      | Gained mutation: Scrolls take you a little longer to read. [potion of mutation]
  8367 | D:10     | Entered Level 10 of the Dungeon
  8390 | D:10     | Noticed Tagedieb's ghost (novice SpAs)
  8416 | D:10     | Killed Tagedieb's ghost
  8460 | D:10     | Reached skill level 13 in Maces & Flails
  8488 | D:10     | Found a staircase to the Lair.
  8617 | D:10     | Found a staircase to the Orcish Mines.
  8726 | D:10     | Noticed a hill giant
  8943 | D:10     | Killed a hill giant
  9161 | D:10     | Reached skill level 10 in Fighting
  9175 | D:10     | Noticed a hill giant
  9191 | D:10     | Killed an unseen horror
  9192 | D:10     | Reached ***** piety under Trog
  9219 | D:10     | Killed a hill giant
  9219 | D:10     | Reached skill level 10 in Armour
  9397 | D:10     | Lost mutation: Scrolls take you a little longer to read. [potion of cure mutation]
  9397 | D:10     | Lost mutation: You evolve. [potion of cure mutation]
  9397 | D:10     | Lost mutation: You have large cloven feet. [potion of cure mutation]
  9406 | D:10     | Gained mutation: You have sharp toenails. [potion of beneficial mutation]
  9562 | D:10     | Reached skill level 14 in Maces & Flails
  9657 | D:11     | Noticed a manticore
  9682 | Lair:1   | Entered Level 1 of the Lair of Beasts
  9919 | Lair:1   | Noticed a death yak
  9919 | Lair:1   | Noticed a death yak
  9919 | Lair:1   | Noticed a death yak
  9920 | Lair:1   | Noticed a death yak
  9920 | Lair:1   | Noticed a death yak
  9942 | Lair:1   | Killed a death yak
  9965 | Lair:1   | Killed a death yak
  9965 | Lair:1   | Reached XP level 11. HP: 83/101 MP: 10/10
  9985 | Lair:1   | Noticed a death yak
 10132 | Lair:1   | Killed a death yak
 10139 | Lair:1   | Killed a death yak
 10147 | Lair:1   | Killed a death yak
 10218 | Lair:1   | Killed a death yak
 10218 | Lair:1   | Reached skill level 15 in Maces & Flails
 11584 | Lair:3   | Noticed Fannar
 11606 | Lair:3   | Killed Fannar
 11839 | Lair:3   | Noticed Nergalle
 11856 | Lair:3   | Killed Nergalle
 12312 | Lair:3   | Reached skill level 16 in Maces & Flails
 12379 | Lair:3   | Found a hole to the Spider Nest.
 12789 | Lair:3   | Reached XP level 12. HP: 78/112 MP: 11/11
 13498 | Lair:4   | Noticed an ice dragon
 13498 | Lair:4   | Noticed an ice dragon
 13510 | Lair:4   | Noticed an ice dragon
 13934 | Lair:3   | Killed an ice dragon
 14007 | Lair:3   | Gained mutation: You are robust. (+10% HP) [potion of beneficial mutation]
 14008 | Lair:3   | Gained mutation: You have a pair of large horns on your head. [potion of beneficial mutation]
 14009 | Lair:3   | Gained mutation: You have supernaturally acute eyesight. (SInv) [potion of beneficial mutation]
 14010 | Lair:3   | Gained mutation: Your mind is acute. (Int +2) [potion of beneficial mutation]
 14229 | Lair:4   | Killed an ice dragon
 14294 | Lair:4   | Noticed an eight-headed hydra
 14302 | Lair:4   | Killed an eight-headed hydra
 14302 | Lair:4   | Reached skill level 17 in Maces & Flails
 14384 | Lair:4   | Received a gift from Trog
 14447 | Lair:4   | Found a staircase to the Shoals.
 14738 | Lair:4   | Killed an ice dragon
 15255 | Lair:5   | Noticed Nessos
 15289 | Lair:5   | Killed Nessos
 15746 | Lair:5   | Got a dazzling ring mail
 15757 | Lair:5   | Identified the +1 ring mail of the Bulwark {*Corrode rF+ rN++} (You found it on level 5 of the Lair of Beasts)
 15824 | Lair:5   | Noticed a death yak
 15831 | Lair:5   | Noticed a death yak
 15831 | Lair:5   | Noticed a death yak
 15843 | Lair:5   | Noticed a death yak
 15847 | Lair:5   | Killed a death yak
 15855 | Lair:5   | Killed a death yak
 15855 | Lair:5   | Reached XP level 13. HP: 119/134 MP: 12/12
 16176 | Lair:5   | Reached skill level 18 in Maces & Flails
 16401 | Lair:5   | Found a staircase to the Slime Pits.
 16863 | Lair:6   | Entered Level 6 of the Lair of Beasts
 17114 | Lair:6   | Found a labyrinth entrance.
 17124 | Lab      | Entered a labyrinth
 17966 | Lab      | Noticed a minotaur
 17972 | Lab      | Gained mutation: You are agile. (Dex +2) [potion of beneficial mutation]
 17983 | Lab      | Killed a minotaur
 18110 | Lair:6   | HP: 4/136 [elephant (11)]
 18118 | Lair:6   | HP: 3/204 [elephant (7)]
 18621 | Lair:6   | Reached skill level 5 in Dodging
 19157 | Lair:6   | Found a large runed door.
 19198 | Lair:6   | Reached XP level 14. HP: 57/146 MP: 13/13
 19718 | Lair:6   | Received a gift from Trog
 19718 | Lair:6   | Reached skill level 15 in Fighting
 19718 | Lair:6   | Reached skill level 15 in Armour
 20319 | Lair:6   | Found a large runed door.
 20377 | Lair:6   | Killed from afar by a molten gargoyle

Skill      XL: |  1  2  3  4  5  6  7  8  9 10 11 12 13 14 |
---------------+-------------------------------------------+-----
Maces & Flails | 4 5 6 7 8 10 12 14 16 17 18 | 18.0
Fighting       | 4 5 6 8 9 10 11 13 14 15 | 15.1
Armour         | 3 4 5 7 8 10 11 13 14 15 | 15.1
Dodging        | 6 7 |  7.0

Action                   |  1- 3 |  4- 6 |  7- 9 | 10-12 | 13-15 || total
-------------------------+-------+-------+-------+-------+-------++-------
Melee: Mace              |    28 |       |       |       |       ||    28
       Headbutt          |    10 |    15 |    76 |   138 |   148 ||   387
       Whip              |    59 |    81 |   355 |   539 |   411 ||  1445
       Kick              |       |       |       |   208 |   214 ||   422
       Dire flail        |       |       |       |       |    21 ||    21
Throw: Javelin           |       |     4 |       |    19 |    16 ||    39
       Tomahawk          |       |       |     8 |    34 |    22 ||    64
Invok: Trog's Hand       |       |     2 |     3 |    10 |     6 ||    21
       Berserk           |       |     1 |     2 |     5 |     4 ||    12
       Burn Spellbooks   |       |       |     1 |     2 |     1 ||     4
       Brothers in Arms  |       |       |       |     5 |     1 ||     6
Evoke: Wand              |       |       |    13 |    26 |    11 ||    50
  Use: Scroll            |       |       |    13 |    22 |     8 ||    43
       Potion            |       |       |       |    19 |     1 ||    20
 Stab: Sleeping          |       |     1 |     1 |       |       ||     2
       Paralysed         |       |       |    28 |     4 |       ||    32
       Confused          |       |       |       |     2 |       ||     2
       Invisible         |       |       |       |     1 |       ||     1
       Petrified         |       |       |       |       |     3 ||     3
  Eat: Chunk             |     1 |     7 |    21 |    15 |    12 ||    56
       Fruit             |       |       |     1 |     3 |       ||     4
       Beef jerky        |       |       |       |     3 |     1 ||     4
       Bread ration      |       |       |       |     3 |       ||     3
       Royal jelly       |       |       |       |     1 |     1 ||     2
       Meat ration       |       |       |       |       |     1 ||     1
Armor: Animal skin       |    11 |    19 |     2 |       |       ||    32
       Ring mail         |       |       |    46 |       |       ||    46
       Chain mail        |       |       |    79 |    59 |       ||   138
       Plate armour      |       |       |       |   153 |   305 ||   458
Dodge: Dodged            |    48 |    47 |   120 |   137 |   184 ||   536
